 Dungeon Crawl Stone Soup version 0.18-a0-1799-g6250cb2 (webtiles) character file.

3694 dobroeutro the Protected (level 10, -4/64 HPs)
             Began as a Gargoyle Fighter on Apr 23, 2016.
             Was a Follower of the Shining One.
             Killed from afar by a hell hound (22 damage)
             ... with a blast of flame
             ... on level 7 of the Dungeon.
             The game lasted 00:16:15 (6738 turns).

dobroeutro the Protected (Gargoyle Fighter)         Turns: 6738, Time: 00:16:16

Health: -4/64      AC: 21    Str: 22    XL:     10   Next: 13%
Magic:  10/10      EV:  9    Int:  9    God:    the Shining One [*.....]
Gold:   478        SH: 16    Dex: 10    Spells: 0 memorised, 9 levels left

rFire  . . .     SeeInvis .     u - +2 spear (pierce)
rCold  + + .     Gourm    .     A - +1 chain mail of Agoraphobia {+Fly rElec rC++ Stlth+}
rNeg   + . .     Faith    .     q - +0 large shield
rPois  ∞         Spirit   .     (no helmet)
rElec  +         Dismiss  .     (no cloak)
rCorr  .         Reflect  .     x - +0 pair of gloves
SustAt .         Harm     .     y - +0 pair of boots
MR     +....                    (no amulet)
Stlth  ..........               B - +4 ring of evasion
                                p - ring of protection from magic

@: glowing, somewhat resistant to hostile enchantments, extremely unstealthy
A: negative energy resistance 1, electricity resistance, unbreathing,
petrification resistance, rot immunity, AC +7
a: Renounce Religion, Evoke Flight


You were on level 7 of the Dungeon.
You worshipped the Shining One.
The Shining One was aware of your devotion.
You were not hungry.

You visited 2 branches of the dungeon, and saw 9 of its levels.

You collected 478 gold pieces.

Inventory:

Hand Weapons
 a - a +0 flail
 u - a +2 spear of piercing (weapon)
Armour
 q - a +0 large shield (worn)
 x - a +0 pair of gloves (worn)
 y - a +0 pair of boots (worn)
 A - the +1 chain mail of Agoraphobia (worn) {+Fly rElec rC++ Stlth+}
   (You found it on level 4 of the Dungeon)

   It greatly protects you from cold.
   It insulates you from electricity.
   It lets you fly.
   It makes you more stealthy.
Jewellery
 p - a ring of protection from magic (left hand)
 B - a +4 ring of evasion (right hand)
Wands
 b - a wand of lightning (8/15)
Scrolls
 g - 4 scrolls of remove curse
 i - 4 scrolls of identify
 w - a scroll of enchant weapon
 z - a scroll of noise
 C - a scroll of fog
 D - a scroll of blinking {unknown}
 G - a scroll of fear {unknown}
 H - a scroll of recharging {unknown}
Potions
 d - 3 potions of might
 e - 2 potions of flight
 j - 3 potions of curing
 o - a potion of invisibility
 s - 3 potions of brilliance
 v - a potion of berserk rage
 F - a potion of lignification {unknown}
Comestibles
 c - a royal jelly
 f - 7 bread rations
 h - 8 slices of pizza
 k - 3 chunks of flesh
 l - 2 meat rations
 t - 4 beef jerkies


   Skills:
 + Level 8.3 Fighting
 + Level 7.6 Maces & Flails
 + Level 8.5 Armour
 + Level 8.4 Shields


You had 9 spell levels left.
You didn't know any spells.

Dungeon Overview and Level Annotations

Branches:
Dungeon (8/15)             Temple (1/1) D:6            Lair (0/8) D:8

Altars:
Ashenzari
Cheibriados
Dithmenos
Elyvilon
Fedhas
Gozag
Makhleb
Nemelex Xobeh
Okawaru
Pakellas
Qazlal
Ru
Sif Muna
Trog
Vehumet
Xom
Yredelemnul
The Shining One

Shops:
D:4 %   D:5 ?


Innate Abilities, Weirdness & Mutations

You are resistant to torment.
Your stone body is resilient (AC +7).
You are immune to poison.
You resist negative energy.
You are resistant to electric shocks.
You can survive without breathing.
You are immune to petrification.
You are immune to rotting.


Message History

You block the hell hound's attack. x2
You closely miss the hell hound.
The hell hound is severely wounded.
You block the hell hound's attack.
You barely miss the hell hound.
The hell hound is severely wounded.
You block the hell hound's attack. The hell hound bites you.
* * * LOW HITPOINT WARNING * * *
You are too injured to fight recklessly!
You are too injured to fight recklessly!
You are too injured to fight recklessly!
You are too injured to fight recklessly!
You are too injured to fight recklessly!
You are too injured to fight recklessly!
You barely miss the hell hound.
The hell hound is severely wounded.
You block the hell hound's attack. The hell hound breathes flames at you.
The blast of flame hits you!
You die...

#...###.#########
#.##.............
#.#..##..######..
#.#.##...##.....#
##.#.#≈≈.≈≈..)[.##
#....≈≈≈≈.≈≈.<...#
#..##≈≈§.≈.≈.....#
#.###≈≈.§§≈≈.....# #@#
#≈....≈≈....## #h#
#≈≈≈≈≈≈≈...## ##.#
##≈≈≈≈≈##### #..#
####§.#####
######..#####...§#...##
#[.........#..........##
#......................#
#>.............|.......#
#.............<........#


You could see a hell hound.

Vanquished Creatures
  Pikel (D:7)
  Psyche (D:7)
  Joseph (D:7)
  A yak (D:7)
  The ghost of ThereIsNoGod the Skirmisher, an amateur MiFi (D:3)
  A hog (D:7)
  A human (D:7)
  Menkaure (D:6)
  A mottled dragon (D:8)
  A hell hound (D:7)
  3 ogres
  An orc warrior (Temple)
  A crocodile (D:7)
  2 giant frogs
  A scorpion (D:7)
  An electric eel (D:8)
  5 howler monkeys
  3 crimson imps
  A giant frog zombie (D:5)
  A centaur zombie (D:6)
  A wasp zombie (D:8)
  5 orc priests
  A giant frog skeleton (D:4)
  A centaur skeleton (D:4)
  6 orc wizards
  5 worker ants
  2 sheep (D:7)
  A hound zombie (D:6)
  A howler monkey zombie (D:6)
  13 gnolls
  7 adders
  A shadow imp (D:5)
  An ooze (D:1)
  2 adder skeletons (D:6)
  4 dart slugs
  5 worms
  3 giant geckos
  20 orcs
  3 giant cockroaches
  7 goblins
  6 hobgoblins
  3 jackals (D:2)
  7 kobolds
  3 ball pythons
  10 bats
  A giant gecko skeleton (D:4)
  6 giant newts
  2 quokka skeletons (D:4)
  10 rats
166 creatures vanquished.

Vanquished Creatures (others)
  A slave (D:7)
  A black bear (D:7)
  An ogre (D:7)
  2 giant frogs (D:7)
  A howler monkey (D:7)
  A hound (D:7)
  A quokka (D:7)
8 creatures vanquished.

Grand Total: 174 creatures vanquished

Notes
Turn   | Place    | Note
--------------------------------------------------------------
     0 | D:1      | dobroeutro the Gargoyle Fighter began the quest for the Orb.
     0 | D:1      | Reached XP level 1. HP: 14/14 MP: 1/1
   130 | D:1      | Reached XP level 2. HP: 19/19 MP: 2/2
   178 | D:1      | Reached XP level 3. HP: 2/23 MP: 3/3
   945 | D:2      | Reached XP level 4. HP: 16/28 MP: 4/4
  1649 | D:3      | Reached XP level 5. HP: 15/33 MP: 5/5
  1783 | D:3      | Noticed ThereIsNoGod's ghost (amateur MiFi)
  2221 | D:3      | Killed ThereIsNoGod's ghost
  2221 | D:3      | Reached XP level 6. HP: 23/39 MP: 6/6
  2622 | D:4      | Got a translucent chain mail
  2633 | D:4      | Identified the +1 chain mail of Agoraphobia {+Fly rElec rC++ Stlth+} (You found it on level 4 of the Dungeon)
  2663 | D:4      | Noticed a phantom
  2712 | D:4      | Reached skill level 5 in Shields
  2735 | D:4      | Reached skill level 5 in Armour
  2833 | D:4      | Reached XP level 7. HP: 39/44 MP: 7/7
  2876 | D:4      | Found Gilughoxt's Food Shop.
  2929 | D:4      | Reached skill level 5 in Fighting
  3600 | D:5      | Entered Level 5 of the Dungeon
  4090 | D:5      | Found Boalleul's Magic Scroll Boutique.
  4288 | D:6      | Reached XP level 8. HP: 51/51 MP: 8/8
  4295 | D:6      | Reached skill level 5 in Maces & Flails
  4453 | D:6      | Found a staircase to the Ecumenical Temple.
  4457 | D:6      | Found a basalt altar of Yredelemnul.
  4470 | Temple   | Entered the Ecumenical Temple
  4550 | Temple   | Became a worshipper of the Shining One
  5451 | D:7      | Found a shimmering altar of Xom.
  5534 | D:7      | Noticed Pikel
  5538 | D:7      | Noticed Menkaure
  5555 | D:6      | Killed Menkaure
  5769 | D:7      | Killed Pikel
  5769 | D:7      | Reached XP level 9. HP: 40/57 MP: 9/9
  5887 | D:7      | Noticed Joseph
  5918 | D:7      | Killed Joseph
  6336 | D:8      | Reached * piety under the Shining One
  6612 | D:7      | Reached XP level 10. HP: 39/64 MP: 10/10
  6689 | D:8      | Noticed Psyche
  6691 | D:8      | Found a staircase to the Lair.
  6724 | D:7      | Killed Psyche
  6738 | D:7      | Killed from afar by a hell hound

Vault maps used:
D:1:      scummos_arrival_simple_crosswalls
D:2:      first_bread
D:4:      serial_shops, shop
D:5:      serial_shops, shop
D:6:      minmay_temple_entry_statues_pillars, solitary_fountain,
          yredelemnul_altar_generic
D:7:      grunt_livestock, xom_confusion_cloud, uniq_pikel, uniq_joseph,
          uniq_menkaure
D:8:      minmay_lair_entry_lava, serial_bayou, serial_bayou_lake_a,
          serial_bayou_shore_a, serial_bayou_pond_a, serial_bayou_pond_a,
          serial_bayou_crossing, uniq_psyche
Temple:   grunt_circular_temple_18

Skill      XL: |  1  2  3  4  5  6  7  8  9 |
---------------+----------------------------+-----
Armour         | 4 5 7 8 |  8.5
Shields        | 4 5 7 8 |  8.4
Maces & Flails | 3 4 6 7 |  7.6
Fighting       | 4 5 7 8 |  8.3

Action                   |  1- 3 |  4- 6 |  7- 9 | 10-12 || total
-------------------------+-------+-------+-------+-------++-------
Melee: Flail             |   147 |    32 |       |       ||   179
       Spear             |       |   218 |   530 |    67 ||   815
  Use: Scroll            |       |     2 |    13 |       ||    15
       Potion            |       |     1 |     2 |     1 ||     4
  Eat: Chunk             |       |     7 |    13 |     1 ||    21
Armor: Scale mail        |   100 |    65 |       |       ||   165
       Chain mail        |       |    31 |   193 |    30 ||   254
Dodge: Dodged            |    71 |    63 |   149 |    24 ||   307
Block: Shield            |   110 |    98 |   122 |       ||   330
       Large shield      |       |       |   237 |    65 ||   302
